 Dungeon Crawl Stone Soup version 0.30.1-4-g462c640d31 (webtiles) character file.

Game seed: 8155135861684438788

2099 arthad the Fighter (level 9, -19/81 HPs)
             Began as a Ghoul Monk on Aug 26, 2023.
             Was a Believer of Okawaru.
             Demolished by a two-headed ogre
             ... wielding a +0 giant club
              (31 damage)
             ... on level 7 of the Dungeon on Aug 27, 2023.
             The game lasted 00:11:49 (6274 turns).

arthad the Fighter (Ghoul Monk)                     Turns: 6274, Time: 00:11:50

Health: -19/81     AC:  4    Str: 19    XL:     9   Next: 28%
Magic:  8/8        EV: 14    Int:  5    God:    Okawaru [**....]
Gold:   312        SH:  0    Dex: 17    Spells: 8/8 levels left

rFire   . .          .
                       - Unarmed
rCold   + . .        c - orb {light}
rNeg    + + +        a - +0 robe
rPois   ∞            y - +1 helmet
rElec   .            (no cloak)
rCorr   +            (no gloves)
SInv    .            (no boots)
Will    .....        (no amulet)
Stlth   +            t - ring of resist corrosion
HPRegen 0.00/turn    G - +6 ring of dexterity
MPRegen 0.11/turn

%: no passive effects
@: inhibited regen, glowing
A: claws 1, cold resistance 1, negative energy resistance 3, inhibited
regeneration, torment resistance 2, devour on kill
a: Renounce Religion, Heroism


You were on level 7 of the Dungeon.
You worshipped Okawaru.
Okawaru was pleased with you.
You visited 2 branches of the dungeon, and saw 8 of its levels.

You collected 312 gold pieces.

Inventory:

Hand Weapons
 g - the +3 dagger of Pobleuwu {venom, Drain Str+2 Stlth+}
   (You found it on level 2 of the Dungeon)

   Str:       It affects your strength (+2).
   Drain:     It drains your maximum health when unequipped.
   Stlth:     It makes you more stealthy.
 D - a +0 hand axe of flaming
 F - a +4 dire flail of electrocution
Missiles
 e - a curare-tipped dart
 q - 5 silver javelins
 A - 2 boomerangs (quivered)
Armour
 a - a +0 robe (worn)
 c - an orb of light (worn)
 y - a +1 helmet (worn)
Jewellery
 t - a ring of resist corrosion (left claw)
 G - a +6 ring of dexterity (right claw)
Wands
 d - a wand of flame (6)
 p - a wand of mindburst (14)
 C - a wand of charming (10)
Scrolls
 i - 3 scrolls of enchant armour
 j - a scroll of brand weapon
 l - 2 scrolls of vulnerability
 m - 6 scrolls of identify
 n - 2 scrolls of teleportation
 w - a scroll of immolation {unknown}
 x - a scroll of summoning {unknown}
Potions
 b - a potion of ambrosia
 f - 3 potions of mutation
 h - a potion of haste {unknown}
 k - a potion of curing {unknown}
 o - 2 potions of flight {unknown}
 r - a potion of cancellation {unknown}
 s - a potion of brilliance
 z - a potion of heal wounds {unknown}
 B - a potion of magic {unknown}
 E - a potion of resistance {unknown}
 H - a potion of lignification {unknown}


   Skills:
 * Level 8.2 Fighting
 + Level 0.3 Throwing
 + Level 4.1 Armour
 + Level 5.2 Dodging
 * Level 8.2 Unarmed Combat
 + Level 0.5 Invocations


You had 8 spell levels left.
You didn't know any spells.
Your spell library contained the following spells:

 Spells                   Type           Power      Damage    Failure   Level
 Necrotise                Necr           0%         1d4       47%         1
 Sting                    Tmut/Pois      0%         1d3       47%         1
 Poisonous Vapours        Pois/Air       0%         N/A       63%         2
 Mephitic Cloud           Conj/Pois/Air  0%         N/A       85%         3
 Ozocubu's Armour         Ice            0%         N/A       85%         3
 Vampiric Draining        Necr           0%         2d6       85%         3
 Olgreb's Toxic Radiance  Pois           0%         N/A       99%         4
 Agony                    Necr           0%         N/A       100%        5
 Freezing Cloud           Conj/Ice/Air   0%         6-21      100%        5
 Irradiate                Conj/Tmut      0%         3d11      100%        5
 Ozocubu's Refrigeration  Ice            0%         4d7       100%        7
 Blade Hands              Tmut           Unusable   N/A       N/A         5
 Dragon Form              Tmut           Unusable   N/A       N/A         7

Dungeon Overview and Level Annotations

Branches:
Dungeon (7/15)             Temple (1/1) D:6

Altars:
Ashenzari
Cheibriados
Dithmenos
Gozag
Kikubaaqudgha
Nemelex Xobeh
Okawaru
Qazlal
Ru
Sif Muna
Uskayaw
Vehumet
Wu Jian
Xom
Yredelemnul

Annotations:
D:5 2 runed translucent doors, exclusion: player ghost, rvierbuc's ghost, novice DsGl


Innate Abilities, Weirdness & Mutations

You are immune to poison.
You have sharp fingernails.
Your flesh is cold resistant. (rC+)
You are immune to negative energy. (rN+++)
You do not regenerate when monsters are visible.
You are immune to unholy pain and torment.
You thrive by killing the living.


Message History

The scorpion is severely wounded.
The scorpion completely misses you.
You completely miss the scorpion.
The scorpion is severely wounded.
The scorpion stings you.
You scratch the scorpion but do no damage.
The scorpion is severely wounded.
The scorpion closely misses you.
You claw the scorpion!
You kill the scorpion!
Okawaru accepts your kill.
You feel better.
No target in view!
Found a stone staircase leading down.
There is a stone staircase leading down here.
A shadow imp comes into view.
The shadow imp shouts!
A two-headed ogre comes into view.
It is wielding a +0 giant club and a +0 giant spiked club.
The shadow imp hits you but does no damage.
You scratch the shadow imp.
The shadow imp is moderately wounded.
The shadow imp hits you but does no damage.
You claw the shadow imp!
You kill the shadow imp!
Okawaru accepts your kill.
You claw the two-headed ogre!
The two-headed ogre is moderately wounded.
The two-headed ogre misses you. The two-headed ogre barely misses you.
You claw the two-headed ogre!
The two-headed ogre is moderately wounded.
The two-headed ogre hits you with a +0 giant club!!
The two-headed ogre hits you with a +0 giant spiked club!
You claw the two-headed ogre!
The two-headed ogre is heavily wounded.
You claw the two-headed ogre!
The two-headed ogre is almost dead.
The two-headed ogre hits you with a +0 giant club!!
* * * LOW HITPOINT WARNING * * *
The two-headed ogre hits you with a +0 giant spiked club!!
You die...

### .. ..# .. #.#
..#.###.#####.#
..............#
#.##O@#############
#...............>.#
####.....#####.##.#
#.#.#.# #.##.#
#.#.#.# #.##.#
..#.#.# #.#..#
##.#.#.# #.#.##
#...#.# #.#.# ###.#
#.#.#


You could see a two-headed ogre.

Vanquished Creatures
  Grinder (D:5)
  Eustachio (D:5)
  A steam dragon (D:6)
  A water moccasin (D:6)
  Duvessa (D:5)
  An ice beast (D:5)
  A black bear (D:6)
  2 phantoms
  Blork the orc (D:5)
  A kobold brigand (D:7)
  3 scorpions
  5 wights (D:6)
  Dowan (D:5)
  5 hounds
  2 orc priests
  2 orc wizards (D:4)
  A gnoll (D:5)
  10 adders
  3 shadow imps
  A white imp (D:4)
  2 dart slugs (D:4)
  16 orcs
  10 ball pythons
  4 endoplasms
  A giant cockroach (D:4)
  4 goblins
  6 hobgoblins
  10 jackals
  8 kobolds
  6 quokkas
  6 bats
  3 frilled lizards
  4 rats
124 creatures vanquished.

Vanquished Creatures (others)
  An orc priest (D:6)
1 creature vanquished.

Grand Total: 125 creatures vanquished

Notes
Turn   | Place    | Note
-------+----------+-------------------------------------------
     0 | D:1      | arthad the Ghoul Monk began the quest for the Orb.
     0 | D:1      | Reached XP level 1. HP: 19/19 MP: 0/0
   308 | D:1      | Reached XP level 2. HP: 26/26 MP: 1/1
   974 | D:2      | Reached XP level 3. HP: 30/33 MP: 2/2
  1021 | D:2      | Identified the +3 dagger of Pobleuwu {venom, Drain Str+2
                  | Stlth+}
  1237 | D:2      | Reached XP level 4. HP: 40/40 MP: 3/3
  1546 | D:2      | Reached skill level 1 in Armour
  2723 | D:4      | Found a shadowy altar of Dithmenos.
  2731 | D:4      | Reached XP level 5. HP: 47/47 MP: 4/4
  3061 | D:4      | Reached skill level 5 in Unarmed Combat
  3061 | D:4      | Reached XP level 6. HP: 45/55 MP: 5/5
  3106 | D:4      | Reached skill level 5 in Fighting
  3564 | D:5      | Entered Level 5 of the Dungeon
  3584 | D:5      | Reached XP level 7. HP: 20/61 MP: 6/6
  3960 | D:5      | Noticed Duvessa
  3960 | D:5      | Noticed Dowan
  4047 | D:5      | Found a large runed translucent door.
  4047 | D:5      | Found a large runed translucent door.
  4049 | D:5      | Noticed Grinder
  4054 | D:5      | Killed Grinder
  4055 | D:5      | Noticed rvierbuc's ghost (novice DsGl)
  4142 | D:5      | Noticed Blork the orc
  4154 | D:5      | Killed Blork the orc
  4405 | D:5      | Killed Duvessa
  4406 | D:5      | Reached XP level 8. HP: 58/71 MP: 7/7
  4418 | D:5      | Killed Dowan
  4928 | D:6      | Noticed Eustachio
  4949 | D:5      | Killed Eustachio
  5648 | D:6      | Reached skill level 5 in Dodging
  5648 | D:6      | Reached XP level 9. HP: 81/81 MP: 8/8
  5799 | D:6      | Found a staircase to the Ecumenical Temple.
  5835 | Temple   | Entered the Ecumenical Temple
  5972 | Temple   | Became a worshipper of Warmaster Okawaru
  5972 | Temple   | Reached * piety under Okawaru
  5972 | Temple   | Reached ** piety under Okawaru
  6044 | D:6      | Noticed a kobold demonologist
  6049 | D:6      | Noticed a kobold demonologist
  6049 | D:6      | Noticed a kobold demonologist
  6050 | D:6      | Noticed a kobold demonologist
  6056 | D:6      | Noticed an orange demon
  6266 | D:7      | Noticed a two-headed ogre
  6274 | D:7      | Demolished by a two-headed ogre

Illustrated notes

Levels and vault maps discovered:
D:1:      co_arrival_hall_of_pillars, layout_basic, patterned_corridor
D:2:      layout_basic, amethyst_killhole
D:3:      layout_loops_corners, minmay_starry_boxes
D:4:      layout_loops_ring, mainiacjoe_overflow_catwalk,
          grunt_decor_mini_mirrors
D:5:      layout_cave_pools, ebering_ghost_disaster_area,
          kennysheep_cross_bottleneck, kennysheep_opposing_triangles,
          uniq_blork_the_orc, uniq_duvessa, uniq_grinder
D:6:      layout_cave_pools, minmay_temple_entry_stoned_glass,
          eino_small_chamber_without_monster, mrwooster_statue_mirror,
          uniq_eustachio
D:7:      layout_loops_ring, grunt_temple_overflow_open, minmay_microvault,
          uniq_crazy_yiuf_cottage
Temple:   regret_index_temple_sphere_string

Skill      XL: |  1  2  3  4  5  6  7  8  9 |
---------------+----------------------------+-----
Dodging        | 3 4 5 |  5.2
Unarmed Combat | 4 5 6 7 8 |  8.2
Fighting       | 4 5 6 7 8 |  8.2
Armour         | 1 2 3 4 |  4.1
Throwing       | |  0.3
Invocations    | |  0.5

Action                     |  1- 3 |  4- 6 |  7- 9 || total
---------------------------+-------+-------+-------++-------
  Melee: Unarmed           |    76 |   204 |   158 ||   438
  Throw: Dart              |       |       |    33 ||    33
         Javelin           |       |       |    15 ||    15
         Boomerang         |       |       |     3 ||     3
  Evoke: Wand              |       |       |     1 ||     1
    Use: Potion            |       |       |     3 ||     3
         Scroll            |       |       |     8 ||     8
 Armour: Robe              |    11 |    35 |    19 ||    65
  Dodge: Dodged            |    41 |   115 |   101 ||   257
